 Dungeon Crawl Stone Soup version 0.27-a0-1359-ga2a4dfd6fd (webtiles) character file.

Game seed: 874832364705766927

3346 HoaS the Cruncher (level 10, -2/53 HPs)
             Began as a Gargoyle Gladiator on June 28, 2021.
             Splashed by a jelly's acid (8 damage)
             ... on level 7 of the Dungeon.
             The game lasted 00:17:04 (7644 turns).

HoaS the Cruncher (Gargoyle Gladiator)              Turns: 7644, Time: 00:17:05

Health: -2/53      AC: -2    Str: 21    XL:     10   Next: 2%
Magic:  0/10       EV: 12    Int:  9    God:
Gold:   1110       SH:  0    Dex: 11    Spells: 9/9 levels left

rFire    + . .     SeeInvis .   a - +1 quarterstaff
rCold    . . .     Faith    .   (shield currently unavailable)
rNeg     + . .     Spirit   +   u - +0 steam dragon scales
rPois    ∞         Reflect  .   c - +0 helmet
rElec    +         Harm     .   w - +1 cloak
rCorr    .         Rampage  .   o - +0 pair of gloves
Will     .....                  j - +0 pair of boots
Stlth    +.........             e - amulet of guardian spirit
HPRegen  0.17/turn              k - ring of protection from fire
MPRegen  0.12/turn              (no ring)

@: corroded
A: sickness immunity, AC +7, negative energy resistance 1, electricity
resistance, torment resistance 1, petrification resistance
a: no special abilities


You were on level 7 of the Dungeon.
You visited 2 branches of the dungeon, and saw 8 of its levels.

You collected 1110 gold pieces.

Inventory:

Hand Weapons
 a - a +1 quarterstaff (weapon)
 C - a +0 shortbow
Missiles
 f - 203 arrows
 g - 8 atropa-tipped darts
 l - 4 silver boomerangs
 n - 24 poisoned darts
 r - 2 boomerangs
 x - a curare-tipped dart
 y - a throwing net (quivered)
Armour
 c - a +0 helmet (worn)
 j - a +0 pair of boots (worn)
 o - a +0 pair of gloves (worn)
 p - a +0 plate armour
 u - +0 steam dragon scales (worn)
 w - a +1 cloak (worn)
Jewellery
 e - an amulet of guardian spirit (around neck)
 k - a ring of protection from fire (left hand)
Wands
 b - a wand of charming (11)
 d - a wand of polymorph (8)
 v - a wand of digging (4)
Scrolls
 q - a scroll of fog
Potions
 h - a potion of heal wounds
 i - a potion of haste
 m - a potion of berserk rage
 s - 4 potions of curing
 t - a potion of invisibility {unknown}
 z - a potion of flight {unknown}
 A - a potion of cancellation {unknown}
 B - a potion of might {unknown}


   Skills:
 - Level 2.1 Fighting
 * Level 13.5 Staves
 + Level 0.7 Bows
 - Level 1.7 Throwing
 - Level 2.4 Dodging


You had 9 spell levels left.
You didn't know any spells.
Your spell library contained the following spells:

 Spells                   Type           Power      Damage    Failure   Level
 Animate Skeleton         Necr           0%         N/A       38%         1
 Foxfire                  Conj/Fire      0%         2x1d4     38%         1
 Magic Dart               Conj           0%         1d3       38%         1
 Pain                     Necr           0%         1d4       38%         1
 Blink                    Tloc           N/A        N/A       52%         2
 Call Imp                 Summ           0%         N/A       52%         2
 Slow                     Hex            0%         N/A       52%         2
 Confusing Touch          Hex            0%         N/A       77%         3
 Conjure Flame            Conj/Fire      0%         6-21      77%         3
 Gell's Gravitas          Tloc           0%         N/A       77%         3
 Inner Flame              Hex/Fire       0%         N/A       77%         3
 Mephitic Cloud           Conj/Pois/Air  0%         N/A       77%         3
 Vampiric Draining        Necr           0%         2d6       77%         3
 Animate Dead             Necr           0%         N/A       99%         4
 Petrify                  Tmut/Erth      0%         N/A       99%         4
 Sticky Flame             Conj/Fire      0%         2d3       99%         4
 Agony                    Necr           0%         N/A       100%        5
 Fireball                 Conj/Fire      0%         3d3       100%        5
 Metabolic Englaciation   Hex/Ice        0%         N/A       100%        5
 Yara's Violent Unravell  Hex/Tmut       0%         3d3       100%        5


Dungeon Overview and Level Annotations

Branches:
Dungeon (7/15)             Temple (1/1) D:7

Altars:
Cheibriados
Dithmenos
Elyvilon
Gozag
Makhleb
Nemelex Xobeh
Qazlal
Sif Muna
Trog
Wu Jian
Xom
Zin
The Shining One

Shops:
D:4 =

Annotations:
D:7 3 runed translucent doors, askman's ghost, novice DsFi


Innate Abilities, Weirdness & Mutations

You are immune to sickness and miasma.
Your stone body is resilient. (AC +7)
You are immune to poison.
You resist negative energy. (rN+)
You are resistant to electric shocks. (rElec)
You are resistant to unholy torment.
You are immune to petrification.


Message History

The jelly hits you but does no damage.
The centaur skeleton hits you but does no damage.
The centaur skeleton closely misses you.
You hit the centaur skeleton.
The centaur skeleton is heavily damaged.
You thump the centaur skeleton!
The centaur skeleton is severely damaged.
The centaur skeleton closely misses you.
The centaur skeleton kicks you but does no damage.
The jelly barely misses you.
You hit the centaur skeleton.
The centaur skeleton is severely damaged.
The centaur skeleton hits you but does no damage.
The centaur skeleton kicks you. The jelly hits you but does no damage.
You sock the centaur skeleton!
You destroy the centaur skeleton!
You hit the jelly. The acid corrodes you!
Your hands burn!
The jelly is moderately wounded.
The jelly hits you.
You are splashed with acid!
You hit the jelly. The acid corrodes you!
Your hands burn!
The jelly is severely wounded.
You hit the jelly but do no damage.
Your hands burn!
The jelly is severely wounded.
The jelly closely misses you.
You hit the jelly but do no damage. The acid corrodes you!
Your hands burn!
The jelly is severely wounded.
The jelly hits you. The acid corrodes you!
You are splashed with acid!
You are too injured to fight recklessly!
You hit the jelly but do no damage.
Your hands burn!
The jelly is severely wounded.
You hit the jelly but do no damage.
Your hands burn!
The jelly is severely wounded.
The jelly hits you. The acid corrodes you!
You are splashed with acid!
* * * LOW HITPOINT WARNING * * *
You completely miss the jelly.
The jelly is severely wounded.
The jelly hits you.
* * * LOW HITPOINT WARNING * * *
You are splashed with acid!
You die...

#### ####....# .##.
#....#..'....# ....
#....#..#....# ....
#....#..#....# ....
#....#..#....+ ....
#####....####....####..
#.......##.#####....#..
#[......#......#.)..#..
#....J@.#>.)...#....#..
#.......'......'.^..#..
#.......#......#....#..
#.......#......#....#..
#.......##.#####....#..
##+##########.....###..
#.....#.... #.....'....
#..[..#####


You could see a jelly.

Vanquished Creatures
  Maggie (D:7)
  A wraith (D:7)
  Menkaure (D:7)
  Duvessa (D:5)
  3 water moccasins
  3 ice beasts
  A black bear (D:6)
  A necrophage (D:4)
  2 sky beasts
  An ogre (D:6)
  2 centaurs (D:7)
  A phantom (D:4)
  2 kobold brigands
  A scorpion (D:4)
  Dowan (D:5)
  3 howler monkeys
  4 wights (D:4)
  2 hounds
  2 centaur skeletons
  3 gnoll shamans
  3 orc priests
  A bullfrog zombie (D:5)
  A jelly (D:6)
  A bullfrog skeleton (D:5)
  An iguana (D:6)
  Terence (D:2)
  Jessica (D:2)
  Natasha (D:3)
  2 orc wizards
  A killer bee zombie (D:7)
  19 gnolls
  3 adders
  2 howler monkey skeletons
  A shadow imp (D:6)
  A white imp (D:6)
  An ufetubus (D:5)
  An adder skeleton (D:4)
  3 worms
  2 dart slugs
  16 orcs
  7 endoplasms
  A giant cockroach (D:1)
  7 goblins
  4 hobgoblins
  16 kobolds
  3 quokkas
  7 ball pythons
  4 bats
  2 frilled lizards
  8 rats
157 creatures vanquished.

Vanquished Creatures (others)
  2 fungi (D:7)
  2 plants (D:7)
4 creatures vanquished.

Grand Total: 161 creatures vanquished

Notes
Turn   | Place    | Note
-------+----------+-------------------------------------------
     0 | D:1      | HoaS the Gargoyle Gladiator began the quest for the Orb.
     0 | D:1      | Reached XP level 1. HP: 12/12 MP: 1/1
   359 | D:1      | Reached XP level 2. HP: 17/17 MP: 2/2
   949 | D:1      | Found a faded altar of an unknown god.
  1063 | D:2      | Reached skill level 4 in Staves
  1074 | D:2      | Noticed Jessica
  1098 | D:2      | Killed Jessica
  1099 | D:2      | Reached XP level 3. HP: 19/21 MP: 1/3
  1236 | D:2      | Reached XP level 4. HP: 14/26 MP: 2/4
  1460 | D:2      | Identified a scroll of acquirement
  1460 | D:2      | Acquired 634 gold pieces
  1499 | D:2      | Reached skill level 5 in Staves
  1510 | D:2      | Found a shadowy altar of Dithmenos.
  1729 | D:2      | Noticed Terence
  1737 | D:2      | Killed Terence
  2403 | D:2      | Reached XP level 5. HP: 18/30 MP: 3/5
  2843 | D:3      | Reached skill level 6 in Staves
  2913 | D:3      | Noticed Natasha
  2917 | D:3      | Killed Natasha
  2974 | D:3      | Reached XP level 6. HP: 31/35 MP: 4/6
  3290 | D:4      | Reached skill level 7 in Staves
  3572 | D:4      | Found Finevau's Jewellery Shoppe.
  3636 | D:4      | Noticed a necrophage
  3644 | D:4      | Killed a necrophage
  3645 | D:4      | Reached skill level 8 in Staves
  3645 | D:4      | Reached XP level 7. HP: 40/40 MP: 7/7
  4190 | D:4      | Reached skill level 9 in Staves
  4429 | D:5      | Entered Level 5 of the Dungeon
  4435 | D:5      | Identified the +10 rapier of the Slime-mould {chaos, rCorr}
  4493 | D:5      | Found a large runed translucent door.
  4493 | D:5      | Found a large runed translucent door.
  4494 | D:5      | Found a shimmering altar of Xom.
  4537 | D:5      | Reached XP level 8. HP: 44/44 MP: 8/8
  4725 | D:5      | Found an ornate altar of the Wu Jian Council.
  4744 | D:5      | Noticed Dowan
  4746 | D:5      | Noticed Duvessa
  4765 | D:5      | Killed Duvessa
  4766 | D:5      | Reached skill level 10 in Staves
  4777 | D:5      | Killed Dowan
  5403 | D:6      | Reached skill level 11 in Staves
  5893 | D:6      | Reached XP level 9. HP: 48/48 MP: 7/9
  6399 | D:6      | Reached skill level 12 in Staves
  6796 | D:7      | Found a staircase to the Ecumenical Temple.
  6818 | Temple   | Entered the Ecumenical Temple
  6887 | D:7      | Noticed Menkaure
  6898 | D:7      | Killed Menkaure
  7078 | D:7      | Noticed Maggie
  7103 | D:7      | Killed Maggie
  7104 | D:7      | Reached skill level 13 in Staves
  7477 | D:7      | Found a runed translucent gate.
  7477 | D:7      | Found a runed translucent gate.
  7477 | D:7      | Found a runed translucent gate.
  7477 | D:7      | Noticed askman's ghost (novice DsFi)
  7539 | D:7      | Reached XP level 10. HP: 45/53 MP: 8/10
  7644 | D:7      | Splashed by a jelly's acid

Illustrated notes

Levels and vault maps discovered:
D:1:      heliophobic_arrival_battle_scene, layout_basic,
          ebering_ecumenical_altar_rust, minivault_5
D:2:      layout_basic, basic_altar, minivault_4, minmay_pentomino_w4,
          uniq_terence, uniq_jessica
D:3:      layout_rooms, roderic_serpentine_path, uniq_natasha
D:4:      layout_gridville, serial_shops, nicolae_lakefront_shop
D:5:      due_chaos_kobolds, layout_loops_ring, pf_just_have_faith,
          kennysheep_generic_room_7, uniq_duvessa
D:6:      layout_cave_pods, minmay_starry_boxes
D:7:      layout_gridville, minmay_temple_entry_arrows,
          gammafunk_ghost_nasty_kobolds, uniq_maggie, uniq_menkaure
Temple:   nicolae_temple_x_marks_the_god

Skill      XL: |  1  2  3  4  5  6  7  8  9 |
---------------+----------------------------+-----
Staves         | 4 5 6 8 9 11 13 | 13.5
Fighting       | |  2.1
Bows           | |  0.7
Throwing       | |  1.7
Dodging        | |  2.4

Action                   |  1- 3 |  4- 6 |  7- 9 | 10-12 || total
-------------------------+-------+-------+-------+-------++-------
Melee: Quarterstaff      |    82 |   141 |   419 |    14 ||   656
Throw: Throwing net      |       |     4 |     5 |       ||     9
  Use: Scroll            |     5 |     5 |     5 |       ||    15
       Potion            |       |       |     2 |       ||     2
 Stab: Held in net/web   |       |     1 |     5 |       ||     6
Armor: Leather armour    |    33 |    17 |       |       ||    50
       Scale mail        |       |     3 |       |       ||     3
       Plate armour      |       |    40 |   229 |       ||   269
       Steam dragon scal |       |       |     9 |     6 ||    15
Dodge: Dodged            |    43 |    31 |    97 |     8 ||   179

Table legend: (Time is in decaauts)
 A = Elapsed time spent in this place.
 B = Non-inter-level travel time spent in this place.
 C = Inter-level travel time spent in this place.
 D = Time resting spent in this place.
 E = Time spent auto-exploring this place.
 F = Levels seen in this place.
 G = Mean time per level.
                   A        B        C        D        E       F      G
               +--------+--------+--------+--------+--------+-----+--------+
         Total |   7547 |   7292 |    255 |   2008 |   3921 |   8 |  943.4 |
       Dungeon |   7489 |   7242 |    247 |   2008 |   3871 |   7 | 1069.9 |
        Temple |     58 |     50 |      8 |      0 |     50 |   1 |   58.0 |
               +--------+--------+--------+--------+--------+-----+--------+

Top non-repeatable levels by time:
     D:2: 1350 daAuts
     D:4: 1262 daAuts
     D:6: 1201 daAuts
     D:5: 1049 daAuts
     D:1: 1033 daAuts
     D:7: 809 daAuts
     D:3: 782 daAuts
  Temple: 58 daAuts
